Map: Abyssal Reef LE

Players

Awers (Hades) - Winner!

  • Race: Terran Terran
  • Spawn Location: 5:00

ZhuGeLiang

  • Race: Zerg Zerg
  • Spawn Location: 11:00

Event: WCS Jonkoping 2017

VOD

Have the link to the VOD?

Description

Time

  • Played on: June 17, 2017, 7:23 a.m.
  • Length: 27:48

All games in this series

Show
View Real Time Build Order
Export as new Build Order

Awers Terran - Winner!

Build Orders: Hellion Opening, Reaper Expand, Mech 

Get SALT Encoding   

  12  0:02  SCV  
  13  0:14  SCV  
  13  0:17  Supply Depot  
  14  0:26  SCV  
  14  0:28  Refinery  
  15  0:39  SCV  
  16  0:45  Barracks  
  16  0:51  SCV  
  17  1:03  SCV  
  18  1:15  SCV  
  19  1:32  Orbital Command, Reaper  
  20  1:45  Command Center  
  20  1:58  Factory  
  20  2:01  SCV  
  21  2:08  Refinery  
  21  2:10  Barracks Reactor  
  21  2:14  SCV  
  22  2:19  Supply Depot  
  22  2:26  SCV  
  23  2:40  SCV  
  24  2:47  Starport  
  24  2:53  Hellion, SCV  
  24  2:54  Hellion  
  29  3:01  Orbital Command  
  29  3:02  Barracks Tech Lab  
  30  3:05  SCV  
  30  3:17  Hellion  
  30  3:19  Hellion, SCV  
  34  3:27  SCV  
  35  3:30  Raven  
  35  3:31  SCV  
  38  3:35  Supply Depot  
  38  3:37  Supply Depot  
  38  3:39  SCV  
  39  3:43  SCV  
  39  3:47  Hellion x2  
  44  3:53  SCV  
  45  3:57  SCV  
  45  4:02  Supply Depot  
  46  4:05  SCV  
  46  4:07  Marine  
  48  4:12  SCV  
  48  4:13  Raven  
  51  4:18  Command Center  
  51  4:19  SCV  
  51  4:24  SCV  
  53  4:29  Armory  
  53  4:31  SCV  
  53  4:36  SCV, Refinery  
  53  4:38  Refinery  
  55  4:44  SCV  
  56  4:48  SCV  
  56  4:51  Hellion  
  59  4:55  Raven, Supply Depot  
  59  4:56  SCV  
  62  5:12  SCV x2  
  62  5:18  Factory, Barracks Tech Lab  
  62  5:21  Factory  
  62  5:24  SCV  
  62  5:27  Hellion  
  62  5:28  Hellion, SCV  
  68  5:38  SCV  
  68  5:42  Terran Vehicle Weapons Level 1  
  69  5:48  SCV  
  69  5:49  Hellion x2  
  74  5:50  Orbital Command  
  74  5:52  Starport Reactor  
  74  5:53  Refinery  
  74  5:55  Factory  
  74  5:56  SCV  
  75  6:01  SCV  
  76  6:08  SCV  
  77  6:13  SCV  
  77  6:15  Thor  
  77  6:17  Infernal Pre-Igniter  
  84  6:19  SCV  
  84  6:22  Supply Depot  
  89  6:25  Hellion x2, SCV  
  89  6:29  Refinery  
  89  6:30  Siege Tank  
  89  6:31  Supply Depot x2  
  93  6:33  Barracks Tech Lab  
  93  6:38  Factory  
  93  6:42  Starport Reactor  
  93  6:44  SCV, Viking  
  96  6:47  SCV  
  96  6:50  SCV  
  96  6:51  Supply Depot  
  98  6:56  SCV  
  98  6:59  SCV  
  100  7:02  Hellion x2, SCV  
  100  7:05  Thor  
  112  7:08  SCV  
  112  7:11  Supply Depot  
  112  7:14  SCV  
  112  7:15  Engineering Bay  
  113  7:19  Starport Reactor  
  113  7:23  SCV  
  113  7:28  SCV  
  115  7:37  Thor x2  
  115  7:41  Supply Depot x2  
  127  7:49  Thor  
  131  8:04  Hellion x2  
  133  8:06  Liberator x2  
  133  8:08  Hellion x2  
  125  8:20  Siege Tank, Hellion  
  125  8:25  Hellion  
  125  8:26  Hellion  
  140  8:27  SCV x2  
  140  8:29  Hellion  
  144  8:35  Siege Tank  
  144  8:36  Hellion  
  147  8:42  Hellion  
  147  8:47  Hellion x2  
  143  8:50  Terran Vehicle Weapons Level 2  
  143  8:51  Hellion  
  143  8:52  Siege Tank  
  148  9:02  SCV, Supply Depot x2  
  149  9:04  Supply Depot  
  149  9:05  Supply Depot  
  149  9:23  Thor  
  149  9:24  Hellion x4, Siege Tank  
  163  9:25  Siege Tank  
  163  9:27  Command Center  
  144  9:38  Viking  
  135  9:45  Hellion x4  
  143  9:52  Viking  
  145  9:56  Siege Tank  
  145  9:57  Hellion  
  144  10:06  Hellion x4  
  152  10:09  Starport  
  152  10:12  Starport  
  152  10:13  Hellion  
  146  10:19  Hellion  
  148  10:22  SCV x3  
  148  10:26  Viking  
  153  10:28  Missile Turret  
  153  10:29  Siege Tank, Viking  
  153  10:34  SCV x3  
  160  10:40  Siege Tank, Hellion  
  160  10:42  Siege Tank, Hellion x2  
  158  10:46  Starport Tech Lab  
  158  10:49  Starport Tech Lab  
  158  10:50  Armory  
  158  10:54  Planetary Fortress, SCV  
  158  10:56  SCV x2  
  161  10:57  Refinery  
  161  11:01  Widow Mine x2  
  165  11:04  Sensor Tower  
  165  11:06  SCV  
  165  11:07  Missile Turret  
  165  11:08  SCV x2  
  165  11:11  Raven x2  
  172  11:12  Corvid Reactor  
  172  11:13  Viking  
  172  11:15  Missile Turret  
  174  11:18  SCV  
  174  11:20  SCV x2  
  174  11:21  Refinery  
  163  11:33  Siege Tank, Hellion  
  167  11:40  Siege Tank, Hellion  
  167  11:42  Viking  
  167  11:44  SCV  
  167  11:46  Command Center  
  175  11:48  Terran Vehicle And Ship Armor Level 1, Terran Vehicle Weapons Level 3  
  173  11:54  Sensor Tower  
  173  11:55  SCV  
  173  11:58  SCV  
  175  12:01  SCV  
  175  12:04  Raven  
  178  12:17  Siege Tank  
  178  12:18  Hellion  
  178  12:20  SCV, Refinery  
  179  12:24  Thor  
  179  12:26  Refinery  
  179  12:27  Widow Mine  
  186  12:31  SCV  
  186  12:35  SCV x2  
  189  12:52  SCV x2  
  189  12:53  Raven x2  
  189  12:55  Orbital Command  
  195  13:02  Orbital Command  
  195  13:07  Command Center  
  195  13:08  Missile Turret  
  195  13:10  Missile Turret, Viking  
  192  13:18  Siege Tank, Hellion  
  192  13:19  Widow Mine  
  189  13:25  Refinery  
  189  13:26  Viking  
  189  13:42  Terran Ship Weapons Level 1  
  189  13:43  Raven  
  189  13:44  Raven  
  189  13:45  Hellion x3  
  199  13:48  Orbital Command  
  190  14:09  Starport, Supply Depot  
  188  14:10  Supply Depot  
  188  14:11  Starport  
  188  14:16  Recalibrated Explosives  
  188  14:18  Viking x2  
  188  14:19  Hellion  
  188  14:22  Refinery x2  
  194  14:31  Hellion x2  
  198  14:39  Raven  
  198  14:48  Starport Tech Lab  
  198  14:50  Engineering Bay, Starport Tech Lab  
  198  14:56  Hellion  
  200  15:02  Command Center  
  200  15:09  Refinery  
  192  15:32  Raven  
  192  15:33  Raven  
  192  15:35  Missile Turret  
  196  15:36  Starport Tech Lab  
  196  15:42  Planetary Fortress, Missile Turret  
  196  15:43  Refinery, Sensor Tower  
  196  15:45  Terran Vehicle And Ship Armor Level 2, Terran Ship Weapons Level 2  
  196  15:47  Command Center  
  196  15:49  Command Center  
  196  15:54  Raven x2  
  200  16:02  Missile Turret  
  200  16:16  Command Center  
  200  16:30  Raven x2, Viking  
  200  16:32  Siege Tank, Hellion  
  200  16:38  Raven  
  198  16:45  Hellion  
  200  16:52  Hellion x2  
  200  16:53  Hellion  
  200  16:54  Orbital Command  
  200  17:01  Missile Turret  
  200  17:05  Orbital Command x2  
  195  17:28  Siege Tank, Hellion  
  200  17:50  Orbital Command  
  200  17:56  Missile Turret x2  
  194  18:16  Raven  
  194  18:17  Raven  
  192  18:30  Raven x2  
  196  18:37  Siege Tank, Hellion  
  189  19:12  Raven x2  
  187  19:19  Orbital Command  
  175  19:39  Refinery  
  175  19:41  Refinery  
  172  19:53  Hellion  
  172  19:55  Siege Tank, Hellion x2  
  172  19:56  Siege Tank  
  172  19:57  Hellion x2, Raven x2, Viking  
  167  20:14  Hellion  
  167  20:16  Hellion x2  
  167  20:18  Siege Tank  
  176  20:26  Terran Ship Weapons Level 3, Terran Vehicle And Ship Armor Level 3  
  176  20:37  Hellion x2  
  176  20:38  Siege Tank, Hellion  
  176  20:41  SCV  
  186  20:48  Sensor Tower  
  186  21:00  Missile Turret  
  186  21:03  Missile Turret  
  183  21:10  Siege Tank, Hellion x2  
  186  21:16  Siege Tank, Hellion  
  193  21:18  Hellion  
  193  21:19  Hellion  
  191  21:31  SCV x2  
  181  21:35  Raven  
  183  21:42  Refinery  
  183  21:45  SCV x2  
  183  22:02  Siege Tank, Hellion  
  183  22:08  SCV  
  181  22:17  Hellion x2  
  181  22:18  SCV  
  182  22:24  Raven x2  
  186  22:39  Hellion x4  
  187  22:59  Siege Tank  
  187  23:00  Hellion  
  190  23:07  Refinery  
  190  23:10  Raven  
  186  23:14  Missile Turret  
  186  23:17  SCV  
  181  23:36  Hellion x2  
  177  23:46  Siege Tank  
  177  23:47  Hellion  
  175  23:49  Siege Tank, Hellion x2  
  175  23:50  Hellion x2  
  186  23:58  Missile Turret  
  186  24:07  Fusion Core  
  186  24:08  Hellion  
  188  24:11  Thor  
  188  24:12  Command Center  
  192  24:18  Thor  
  186  24:58  Starport Tech Lab  
  184  25:15  Missile Turret x2  
  184  25:16  Missile Turret  
  184  25:23  Battlecruiser  
  184  25:24  Battlecruiser  
  184  25:25  Orbital Command  
  184  25:26  Weapon Refit  
  184  25:27  SCV  
  187  26:01  Thor x2  
  190  26:42  Raven x2  
  194  26:47  Hellion  
  194  26:48  Hellion  
  185  27:19  Hellion x2  
  185  27:21  Hellion  
  184  27:26  Hellion x2  
Show
View Real Time Build Order
Export as new Build Order

ZhuGeLiang Zerg 

Build Orders: Hatch First, Swarm Host 

Get SALT Encoding   

  12  0:01  Drone  
  13  0:12  Overlord  
  13  0:17  Drone  
  14  0:31  Drone x2  
  17  0:35  Drone  
  17  0:52  Hatchery  
  17  0:55  Drone  
  17  0:58  Drone  
  17  1:03  Extractor  
  17  1:14  Spawning Pool  
  17  1:17  Drone  
  17  1:20  Drone  
  18  1:28  Drone  
  19  1:39  Overlord  
  19  2:01  Queen  
  19  2:02  Zergling x4  
  19  2:04  Queen, Metabolic Boost  
  26  2:08  Zergling x2  
  26  2:11  Drone  
  27  2:17  Drone  
  28  2:23  Drone  
  28  2:28  Drone  
  30  2:35  Overlord  
  30  2:37  Queen  
  32  2:44  Drone x2  
  32  2:50  Drone  
  34  2:55  Queen, Drone  
  36  3:00  Drone  
  36  3:05  Overlord  
  37  3:09  Drone  
  38  3:13  Spore Crawler  
  38  3:18  Drone  
  39  3:20  Drone x4  
  39  3:24  Drone x3  
  46  3:36  Hatchery  
  46  3:39  Drone  
  46  3:40  Drone  
  47  3:47  Queen  
  49  3:49  Queen  
  49  3:53  Overlord  
  51  3:57  Overlord  
  51  4:06  Evolution Chamber  
  51  4:07  Drone  
  51  4:12  Zergling x6  
  51  4:13  Zergling x2  
  51  4:14  Drone  
  51  4:15  Drone  
  57  4:18  Spore Crawler  
  57  4:19  Spore Crawler  
  57  4:20  Zergling x2  
  57  4:21  Zergling x4  
  57  4:23  Drone x2  
  60  4:28  Queen  
  62  4:33  Zerg Missile Weapons Level 1  
  62  4:38  Drone x4  
  66  4:46  Overlord  
  66  4:52  Spore Crawler  
  65  4:55  Spore Crawler  
  64  5:00  Overlord  
  64  5:03  Overlord  
  64  5:05  Drone x7  
  64  5:07  Drone  
  72  5:11  Extractor x2  
  70  5:16  Lair  
  70  5:19  Drone x5  
  75  5:31  Drone x5  
  75  5:32  Drone  
  75  5:33  Roach Warren, Drone  
  81  5:38  Extractor  
  81  5:42  Overlord  
  80  5:45  Extractor x2, Drone x6  
  84  5:53  Drone  
  84  5:56  Overlord  
  85  6:05  Drone x6  
  91  6:14  Infestation Pit, Drone  
  91  6:16  Drone x4  
  91  6:17  Hatchery  
  94  6:23  Glial Reconstitution  
  94  6:28  Zerg Missile Weapons Level 2  
  94  6:30  Roach x3  
  94  6:31  Overlord x2  
  100  6:43  Overseer  
  100  6:45  Extractor  
  98  6:50  Extractor, Infestor x3  
  103  6:55  Overlord  
  103  6:57  Swarm Host x4  
  103  7:00  Overlord  
  115  7:04  Drone x6  
  121  7:11  Overlord  
  121  7:12  Overlord x2  
  121  7:17  Overlord  
  121  7:19  Overlord  
  121  7:24  Swarm Host x5  
  121  7:26  Overlord  
  121  7:29  Overlord x4  
  136  7:33  Spore Crawler  
  136  7:34  Overlord  
  135  7:41  Drone  
  136  7:44  Swarm Host x4  
  139  8:01  Zergling x2  
  139  8:02  Zergling x16  
  124  8:08  Swarm Host x3  
  124  8:09  Swarm Host x2  
  139  8:17  Swarm Host x4  
  148  8:20  Drone  
  148  8:26  Drone x4  
  150  8:44  Swarm Host x3, Zerg Ground Armor Level 1  
  159  8:52  Drone x2  
  161  8:58  Drone x3  
  161  8:59  Drone x5  
  169  9:06  Swarm Host x2  
  169  9:07  Swarm Host  
  178  9:12  Drone x2  
  180  9:22  Roach x5  
  187  9:30  Roach  
  187  9:31  Roach x4  
  197  9:36  Ravager x3  
  200  9:43  Hive  
  199  10:07  Evolution Chamber  
  197  10:14  Drone  
  198  10:24  Hydralisk Den  
  197  10:49  Roach  
  199  10:58  Zerg Ground Armor Level 2, Zerg Missile Weapons Level 3  
  199  11:00  Muscular Augments  
  199  11:01  Drone  
  200  11:20  Hatchery  
  192  11:27  Roach x4  
  199  11:48  Spire, Drone  
  199  11:54  Tunneling Claws  
  199  11:55  Burrow  
  199  12:00  Drone  
  194  12:32  Drone x6  
  194  12:35  Spine Crawler x2  
  194  12:36  Spine Crawler  
  197  12:37  Spine Crawler x2  
  197  12:38  Spine Crawler  
  197  12:39  Drone x6  
  197  12:40  Spine Crawler  
  197  12:42  Drone  
  198  12:53  Drone x2  
  198  12:57  Spore Crawler, Spine Crawler  
  198  12:58  Spine Crawler  
  197  13:00  Spine Crawler  
  197  13:01  Zerg Flyer Weapons Level 1  
  196  13:19  Hatchery  
  195  13:25  Drone x5  
  195  13:26  Extractor  
  199  13:27  Extractor  
  199  13:28  Zerg Melee Weapons Level 1  
  198  13:35  Zerg Ground Armor Level 3  
  198  13:48  Drone x2  
  200  14:22  Hatchery  
  199  14:25  Pneumatized Carapace  
  199  14:31  Spire  
  193  15:19  Hatchery  
  170  15:35  Hydralisk  
  170  15:36  Hydralisk x13  
  170  15:39  Spore Crawler  
  197  15:43  Spine Crawler  
  197  15:44  Spine Crawler  
  197  15:46  Spine Crawler x2  
  197  15:47  Spine Crawler  
  197  15:49  Greater Spire  
  192  15:50  Zerg Flyer Armor Level 1, Zerg Melee Weapons Level 2  
  192  15:51  Drone  
  192  15:52  Drone x6  
  174  16:33  Roach  
  174  16:34  Hydralisk x3, Roach x8  
  174  16:35  Hydralisk x2  
  198  16:45  Roach  
  198  16:50  Overseer x2  
  198  17:14  Hatchery  
  195  17:29  Viper  
  198  17:43  Zerg Flyer Weapons Level 2  
  198  17:48  Zerg Flyer Armor Level 2  
  198  18:12  Drone  
  199  18:13  Spine Crawler  
  199  18:15  Spine Crawler x4  
  199  18:16  Spine Crawler  
  199  18:19  Spine Crawler  
  192  18:33  Drone x3  
  194  18:36  Drone x7  
  194  18:38  Roach  
  185  19:08  Hydralisk x8  
  198  19:14  Spore Crawler x2  
  198  19:15  Spore Crawler  
  195  19:20  Viper  
  195  19:23  Spore Crawler, Extractor  
  196  19:25  Extractor  
  196  19:27  Zerg Melee Weapons Level 3  
  195  19:31  Ultralisk Cavern  
  194  19:47  Hatchery  
  185  19:59  Hydralisk x4  
  170  20:00  Hydralisk x7  
  170  20:03  Roach x4  
  170  20:04  Roach x8  
  178  20:14  Hydralisk  
  178  20:15  Hydralisk x9  
  178  20:18  Chitinous Plating  
  178  20:19  Zerg Flyer Weapons Level 3, Zerg Flyer Armor Level 3  
  198  20:45  Spine Crawler, Drone x2  
  198  20:46  Spine Crawler x2  
  197  20:54  Overseer  
  197  21:09  Viper x3  
  178  21:26  Hydralisk x11  
  196  21:33  Swarm Host  
  196  21:39  Extractor  
  190  22:20  Roach x4  
  198  22:30  Drone  
  198  22:31  Spore Crawler  
  198  22:32  Spine Crawler  
  191  22:49  Viper x4  
  195  23:06  Drone x3  
  195  23:09  Drone x2  
  199  23:20  Spore Crawler  
  199  23:22  Extractor  
  199  23:23  Spore Crawler  
  199  23:24  Extractor  
  191  23:33  Corruptor x7  
  187  23:53  Queen x6  
  199  24:04  Hatchery  
  179  24:51  Brood Lord x7  
  193  24:55  Corruptor x3  
  198  25:09  Queen  
  198  25:22  Spine Crawler  
  195  25:44  Brood Lord  
  195  25:45  Brood Lord  
  192  26:01  Corruptor  
  192  26:02  Corruptor x10  
  198  26:14  Overseer x2  
  195  26:24  Corruptor x4  
  198  26:28  Corruptor  
  158  26:42  Brood Lord  
  158  26:43  Corruptor, Brood Lord x8  
  158  26:44  Corruptor x13  
  198  27:08  Corruptor  
Tags
 
Add a new tag
Caveats
  • Supply blocks, unpowered buildings, or Contaminate may cause inaccurate times.
  • Supply counts are checked every 10 seconds.